 Dungeon Crawl Stone Soup version 0.20-a0-972-gb9bd3e6 (webtiles) character file.

24298 Leszczynek the Basher (level 13, -2/181 (189) HPs)
             Began as an Ogre Summoner on Apr 9, 2017.
             Was a High Priest of Trog.
             Slain by an orc warrior
             ... wielding a +0 short sword of venom
             ... led by an orc warlord
              (17 damage)
             ... on level 2 of the Orcish Mines.
             The game lasted 01:18:26 (12167 turns).

Leszczynek the Basher (Ogre Summoner)              Turns: 12167, Time: 01:18:27

HP:   -2/181 (189)  AC:  9    Str: 21    XL:     13   Next: 12%
MP:   15/15         EV: 13    Int: 16    God:    Trog [*****.]
Gold: 1255          SH:  0    Dex: 12    Spells: 13/16 levels left

rFire    . . .     SeeInvis .   a - +0 giant club
rCold    . . .     Gourm    .   (shield currently unavailable)
rNeg     . . .     Faith    .   f - +0 troll leather armour
rPois    .         Spirit   .   (helmet restricted)
rElec    .         Reflect  .   A - +1 cloak
rCorr    .         Harm     .   (gloves unavailable)
MR       ++++.                  (boots unavailable)
Stlth    ..........             (no amulet)
Regen    1.8/turn               D - ring of protection from magic
MPRegen  0.2/turn               (no ring)

@: berserking, lethally poisoned (-2 -> -2), regenerating, very quick
A: unfitting armour, claws 1, talons 1, icy blue scales 1, blink, blurry vision
1, frail 1, low mp 1, mutation resistance 1, tough skin 1
a: Blink, Berserk, Trog's Hand, Brothers in Arms, Burn Spellbooks, Renounce
Religion


You were on level 2 of the Orcish Mines.
You worshipped Trog.
Trog was extremely pleased with you.
You were near starving.

You visited 2 branches of the dungeon, and saw 17 of its levels.
You also visited: Bailey.

You collected 1307 gold pieces.
You spent 52 gold pieces at shops.

Inventory:

Hand Weapons
 a - a +0 giant club (weapon)
 b - a +6 antimagic demon whip {god gift}
 i - a +0 flail
 r - a +1 mace
 R - a +0 dire flail of holy wrath
Missiles
 k - 4 needles of paralysis
 p - 15 tomahawks (quivered)
 G - 5 large rocks
 H - 2 throwing nets
 N - 3 steel javelins {god gift}
 P - 6 curare-tipped needles
 W - a silver tomahawk
Armour
 f - a +0 troll leather armour (worn)
 l - a +0 shield
 A - a +1 cloak (worn)
 K - +0 steam dragon scales
Jewellery
 g - an uncursed ring of ice
 m - an uncursed ring of fire
 o - an uncursed ring of flight
 D - a ring of protection from magic (left claw)
Wands
 e - a wand of confusion (15/48)
 C - a wand of random effects (31/48)
 I - a wand of acid (5/15)
 J - a wand of iceblast (5/15)
 L - a wand of flame (0/48)
 Q - a wand of clouds (2/9)
Scrolls
 c - a scroll of remove curse {@r2}
 h - 3 scrolls of recharging
 j - a scroll of fear
 v - 7 scrolls of teleportation
 x - a scroll of fog
 y - 5 scrolls of identify {@r1}
 B - a scroll of magic mapping
 T - a scroll of enchant weapon
Potions
 n - a potion of agility
 q - a potion of heal wounds {@q2}
 s - 2 potions of might
 u - 3 potions of cancellation
 w - 3 potions of curing {@q1}
 E - 2 potions of flight
 F - a potion of ambrosia
 U - 2 potions of haste {unknown}
Books
 z - a book of Callings

   Spells                             Type                      Level
   a - Summon Small Mammal            Summoning                    1
   b - Call Imp                       Summoning                    2
   c - Call Canine Familiar           Summoning                    3
   d - Summon Guardian Golem          Hexes/Summoning              3
   e - Summon Lightning Spire         Summoning/Air                4
   f - Summon Ice Beast               Ice/Summoning                4
   Trog disapproves of the use of such an item.
 O - a book of Air

   Spells                             Type                      Level
   a - Shock                          Conjuration/Air              1
   b - Swiftness                      Charms/Air                   2
   c - Static Discharge               Conjuration/Air              3
   d - Airstrike                      Air                          4
   e - Lightning Bolt                 Conjuration/Air              5
   Trog disapproves of the use of such an item.
 S - a book of Callings

   Spells                             Type                      Level
   a - Summon Small Mammal            Summoning                    1
   b - Call Imp                       Summoning                    2
   c - Call Canine Familiar           Summoning                    3
   d - Summon Guardian Golem          Hexes/Summoning              3
   e - Summon Lightning Spire         Summoning/Air                4
   f - Summon Ice Beast               Ice/Summoning                4
   Trog disapproves of the use of such an item.
Comestibles
 d - 4 bread rations
 t - 4 meat rations
 M - a royal jelly
 V - 3 fruits
 X - 3 chunks of flesh


   Skills:
 + Level 12.9 Fighting
 * Level 14.4 Maces & Flails
 - Level 7.0 Dodging
 - Level 1.4 Stealth
 - Level 2.8 Shields
 - Level 2.4 Spellcasting
 - Level 3.6 Summonings
 - Level 5.1 Evocations


You had 13 spell levels left.
You knew the following spells:

 Your Spells              Type           Power        Failure   Level  Hunger
a - Summon Small Mammal   Summ           ##..         6%          1    #......
b - Call Imp              Summ           ##......     10%         2    ###....


Dungeon Overview and Level Annotations

Branches:
Dungeon (15/15)              Lair (0/6) D:10            Orc (2/2) D:12
    Elf (0/3) Orc:2
 Temple: D:4-7       Vaults: D:13-14     Depths: D:15

Altars:
Ashenzari
Hepliaklqana
Makhleb
Qazlal
Sif Muna
Trog
Vehumet
Wu Jian
Beogh

Shops:
D:8 }   D:13 *   D:14 :

Annotations:
D:6 wyvern
D:13 vaults (east) - moat vault
D:15 "dig around" full level vault


Innate Abilities, Weirdness & Mutations

You are too large for most types of armour.
You have tough skin. (AC +1)
You have sharp fingernails.
You have sharp toenails.
You are partially covered in icy blue scales. (AC +2)
You can translocate small distances at will.
Scrolls take you a little longer to read.
You are frail. (-10% HP)
Your magical capacity is low. (-10% MP)
You are somewhat resistant to further mutation.


Message History

The orc knight hits you with a battleaxe of venom!
* * * LOW HITPOINT WARNING * * *
You are poisoned.
You closely miss the orc knight.
The orc knight is lightly wounded.
You feel sick.
The orc warrior throws a tomahawk.
The tomahawk completely misses you.
You sock the orc knight! You claw the orc knight.
The orc knight is moderately wounded.
You feel sick.
You sock the orc knight! Your kick misses the orc knight.
The orc knight is heavily wounded.
You feel sick.
The orc knight hits you with a battleaxe of venom!
* * * LOW HITPOINT WARNING * * *
You hit the orc knight. Your kick misses the orc knight.
The orc knight is heavily wounded.
You feel sick.
The orc warrior hits you with a short sword of venom!
You die...

..###..#......#####.....#####
...##..#........#.........#.##
................#.....#...#..##
.....................##.......##
..........#.........###........##
.........####.......######......#
.........####(........#........##
..............................##
................@o............#
....#........#..#o...........##
...###......######......#....#
...###........# #......####.##
#.###.#.......# ##..#...# ###
####.........## ##....###
##...._....###...##.# ###
##...)...##.#...######.## ##
#...o..o#..o..##.###...# ##.


You could see an orc knight and an orc warrior.

Vanquished Creatures
  An orc warlord (Orc:2)
  Fannar (D:10)
  Harold (D:11)
  2 two-headed ogres
  An orc high priest (Orc:2)
  2 orc knights (Orc:2)
  3 orc sorcerers
  2 manticores
  4 deep elf magi (Bailey)
  Psyche (D:8)
  2 komodo dragons
  6 trolls
  A hornet (D:13)
  3 hippogriffs
  A shadow (D:12)
  21 yaks
  4 hogs (D:7)
  A steam dragon (D:11)
  A human (D:7)
  A hungry ghost (D:12)
  A soldier ant (D:13)
  A water moccasin (D:9)
  24 orc warriors
  An ice beast (D:14)
  A black bear (D:10)
  8 sky beasts
  7 ogres
  3 necrophages
  3 phantoms
  5 centaurs
  4 bullfrogs
  A water moccasin zombie (D:12)
  2 wyvern skeletons
  3 scorpions
  5 killer bees (D:9)
  4 wights (D:11)
  A howler monkey (D:5)
  6 crimson imps
  A quasit (D:11)
  2 centaur zombies
  A bullfrog zombie (D:11)
  21 orc priests
  7 hounds
  Crazy Yiuf (D:6)
  3 centaur skeletons
  A gnoll shaman (D:7)
  24 orc wizards
  2 bullfrog skeletons (D:9)
  4 jellies
  3 iguanas
  6 worker ants
  A hound zombie (D:7)
  4 gnolls (D:7)
  9 adders
  3 shadow imps
  An ooze (D:7)
  An adder zombie (D:9)
  2 adder skeletons (D:4)
  A leopard gecko (D:10)
  62 orcs
  7 giant cockroaches
  5 goblins (D:2)
  3 hobgoblins
  4 jackals (D:2)
  A quokka (D:5)
  3 ball pythons
  2 bats
  3 frilled lizards
  9 kobolds
  A quokka skeleton (D:7)
  3 rats (D:2)
  A plant (D:10)
341 creatures vanquished.

Vanquished Creatures (collateral kills)
  An orc wizard (D:3)
  3 adders
  5 orcs
  A giant cockroach (D:1)
  2 goblins
  2 kobolds (D:3)
  A quokka (D:4)
  3 bats
  2 frilled lizards
20 creatures vanquished.

Vanquished Creatures (others)
  A plant (D:10)
1 creature vanquished.

Grand Total: 362 creatures vanquished

Notes
Turn   | Place    | Note
-------+----------+-------------------------------------------
     0 | D:1      | Leszczynek the Ogre Summoner began the quest for the Orb.
     0 | D:1      | Reached XP level 1. HP: 16/16 MP: 3/3
    39 | D:1      | Reached skill level 1 in Fighting
   411 | D:2      | Reached skill level 1 in Maces & Flails
   411 | D:2      | Reached XP level 2. HP: 24/27 MP: 3/5
   415 | D:2      | Learned a level 2 spell: Call Imp
   721 | D:2      | Reached skill level 2 in Maces & Flails
   759 | D:2      | Reached XP level 3. HP: 26/33 MP: 1/6
   872 | D:2      | Learned a level 3 spell: Call Canine Familiar
  1221 | D:3      | Reached skill level 3 in Maces & Flails
  1221 | D:3      | Reached XP level 4. HP: 17/41 MP: 0/7
  1705 | D:4      | Reached XP level 5. HP: 37/48 MP: 2/8
  1726 | D:4      | Reached skill level 4 in Maces & Flails
  1821 | D:4      | Gained mutation: You have sharp toenails. [potion of mutation]
  1821 | D:4      | Gained mutation: You can translocate small distances at will. [potion of mutation]
  1911 | D:3      | Found a bloodstained altar of Trog.
  1929 | D:3      | Became a worshipper of Trog the Wrathful
  1982 | D:3      | Found a faded altar of an unknown god.
  2234 | D:4      | Reached skill level 5 in Maces & Flails
  2234 | D:4      | Reached XP level 6. HP: 23/55 MP: 9/9
  2384 | D:5      | Entered Level 5 of the Dungeon
  2629 | D:5      | Found a shattered altar of Ashenzari.
  2694 | D:5      | Reached skill level 6 in Maces & Flails
  2819 | D:5      | Reached XP level 7. HP: 33/62 MP: 10/10
  2920 | D:6      | HP: 3/62 [centaur (6)]
  3220 | D:6      | Reached skill level 1 in Shields
  3339 | D:6      | Noticed a wyvern
  3526 | D:6      | Reached * piety under Trog
  3526 | D:6      | Reached skill level 7 in Maces & Flails
  3590 | D:6      | Reached skill level 2 in Shields
  3694 | D:7      | Reached XP level 8. HP: 63/70 MP: 11/11
  3905 | D:6      | Found a runed door.
  3909 | D:6      | Noticed Crazy Yiuf
  3915 | D:6      | Killed Crazy Yiuf
  3997 | D:7      | Reached skill level 8 in Maces & Flails
  4035 | D:7      | Noticed a hippogriff
  4045 | D:7      | Killed a hippogriff
  4148 | D:7      | Reached skill level 9 in Maces & Flails
  4471 | D:7      | Reached XP level 9. HP: 73/73 MP: 12/12
  4586 | D:6      | Found an ornate altar of the Wu Jian Council.
  4619 | D:7      | Reached skill level 10 in Maces & Flails
  4933 | D:7      | Reached skill level 2 in Fighting
  4933 | D:7      | Reached skill level 2 in Dodging
  5129 | D:8      | Reached skill level 3 in Fighting
  5133 | D:8      | Gained mutation: Scrolls take you a little longer to read. [mutagenic meat]
  5322 | D:8      | Noticed Psyche
  5330 | D:8      | Killed Psyche
  5330 | D:8      | Reached skill level 5 in Fighting
  5330 | D:8      | Reached skill level 3 in Dodging
  5367 | D:8      | Found Tuewol's Gadget Shoppe.
  5402 | D:8      | Reached ** piety under Trog
  5406 | D:8      | Gained mutation: Your magical capacity is low. (-10% MP) [mutagenic meat]
  5408 | D:8      | Gained mutation: You are partially covered in icy blue scales. (AC +2) [mutagenic meat]
  5409 | D:8      | Gained mutation: You are frail. (-10% HP) [mutagenic meat]
  5410 | D:8      | Gained mutation: You have sharp fingernails. [mutagenic meat]
  5593 | D:9      | boy oh boy
  5612 | D:8      | Reached XP level 10. HP: 69/85 MP: 12/12
  5640 | D:8      | You fall through a shaft for 3 floors!
  5641 | D:11     | okay
  5681 | D:10     | Entered Level 10 of the Dungeon
  5728 | D:11     | Reached skill level 6 in Fighting
  5728 | D:11     | Reached skill level 11 in Maces & Flails
  5887 | D:11     | Reached skill level 4 in Dodging
  5907 | D:11     | Found a flagged portal.
  5907 | D:11     | Noticed a manticore
  5919 | D:11     | Killed a manticore
  5919 | D:11     | Reached skill level 7 in Fighting
  6196 | Bailey   | Entered a bailey
  6239 | Bailey   | Noticed a deep elf mage
  6240 | Bailey   | what
  6245 | Bailey   | Killed a deep elf mage
  6290 | Bailey   | Noticed a deep elf mage
  6293 | Bailey   | Noticed a deep elf mage
  6294 | Bailey   | Noticed a deep elf mage
  6296 | Bailey   | Killed a deep elf mage
  6300 | Bailey   | Killed a deep elf mage
  6304 | Bailey   | Killed a deep elf mage
  6304 | Bailey   | Reached skill level 8 in Fighting
  6304 | Bailey   | Reached skill level 12 in Maces & Flails
  6304 | Bailey   | Reached skill level 5 in Dodging
  6305 | Bailey   | Noticed a deep elf mage
  6305 | Bailey   | Noticed a deep elf mage
  6305 | Bailey   | Noticed a deep elf mage
  6769 | D:10     | Noticed a two-headed ogre
  6780 | D:11     | Reached XP level 11. HP: 94/94 MP: 13/13
  6818 | D:11     | Noticed Harold
  6843 | D:11     | Killed Harold
  6980 | D:11     | okay, now it actually looks like i have a foothold
  6993 | D:11     | not much of a speedrun though
  7111 | D:10     | Noticed Fannar
  7112 | D:11     | this fucking layout however
  7112 | D:11     | both d:10 and d:9
  7191 | D:10     | Killed a two-headed ogre
  7191 | D:10     | Reached *** piety under Trog
  7309 | D:10     | Found a staircase to the Lair.
  7323 | D:10     | Reached skill level 9 in Fighting
  7474 | D:10     | Reached skill level 6 in Dodging
  7649 | D:10     | Killed Fannar
  7733 | D:10     | Gained mutation: You are somewhat resistant to further mutation. [mutagenic meat]
  7789 | D:10     | Reached skill level 10 in Fighting
  8113 | D:9      | Reached skill level 13 in Maces & Flails
  8161 | D:9      | HP: 10/102 [poisoned by a killer bee]
  8166 | D:10     | HP: 9/102 [poisoned by a killer bee]
  8171 | D:10     | HP: 9/102 [poisoned by a killer bee]
  8176 | D:10     | HP: 9/102 [poisoned by a killer bee]
  8361 | D:9      | Found a radiant altar of Vehumet.
  8361 | D:9      | Found a burning altar of Makhleb.
  8410 | D:9      | Reached **** piety under Trog
  8500 | D:9      | Reached skill level 11 in Fighting
  8697 | D:9      | Found a deep blue altar of Sif Muna.
  8717 | D:9      | Received a gift from Trog
  8722 | D:9      | Found a stormy altar of Qazlal.
  8752 | D:9      | Found a hazy altar of Hepliaklqana.
  8977 | D:12     | Noticed a deep elf mage
  9048 | D:12     | Reached XP level 12. HP: 81/112 MP: 14/14
  9242 | D:12     | Reached skill level 12 in Fighting
  9341 | D:12     | Found a roughly hewn altar of Beogh.
  9341 | D:12     | Found a staircase to the Orcish Mines.
  9670 | D:13     | Found Saumupri's General Store.
  9678 | D:13     | Bought a scroll of magic mapping for 52 gold pieces
  9942 | D:13     | Noticed a vault guard
  9942 | D:13     | Noticed a deep elf knight
 10208 | D:13     | Noticed a two-headed ogre
 10252 | D:13     | Killed a two-headed ogre
 10258 | D:13     | Reached skill level 7 in Dodging
 10365 | D:14     | Noticed a centaur warrior
 10372 | D:14     | Found Zyjoem's Book Boutique.
 10437 | D:15     | Entered Level 15 of the Dungeon
 10438 | D:15     | oh boy
 10486 | D:14     | Reached skill level 1 in Evocations
 10526 | D:14     | You fall through a shaft!
 10642 | Orc:1    | Entered Level 1 of the Orcish Mines
 10703 | Orc:2    | Entered Level 2 of the Orcish Mines
 10706 | Orc:2    | ugh
 10706 | Orc:2    | this one's hard
 10706 | Orc:2    | warlord guaranteed i think, can be even roka
 10727 | Orc:1    | Reached skill level 2 in Evocations
 10844 | Orc:1    | Reached skill level 3 in Evocations
 10953 | Orc:2    | Reached ***** piety under Trog
 11034 | Orc:2    | Found a radiant altar of Vehumet.
 11105 | Orc:2    | Found Zadgheaxu's Armour Shoppe.
 11353 | Orc:2    | Reached skill level 4 in Evocations
 11434 | Orc:2    | Noticed an orc high priest
 11501 | Orc:2    | Reached skill level 5 in Evocations
 11674 | Orc:2    | Noticed an orc warlord
 11834 | Orc:2    | Killed an orc high priest
 11834 | Orc:2    | Reached skill level 14 in Maces & Flails
 11878 | Orc:2    | Found a staircase to the Elven Halls.
 11905 | Orc:2    | Reached XP level 13. HP: 81/121 MP: 15/15
 12020 | Orc:2    | Received a gift from Trog
 12074 | Orc:2    | Killed an orc warlord
 12114 | Orc:2    | Found a roughly hewn altar of Beogh.
 12166 | Orc:2    | HP: 15/181 [orc knight/battleaxe of venom (16)]
 12167 | Orc:2    | Slain by an orc warrior

Vault maps used:
D:1:      eino_arrival_druids_welcome
D:2:      kennysheep_goblin_castle
D:3:      minmay_door_path, chequers_ecumenical_altar_island,
          kennysheep_decorative_pillar, trog_three_pillars_becter
D:4:      minmay_temple_entry_fiery, first_bread
D:5:      kennysheep_mini_moat
D:6:      lemuel_ice_spiral_2, kennysheep_little_box,
          nicolae_overflow_hidden_temple, hangedman_abyss_or_decor_stabs,
          uniq_crazy_yiuf_cottage
D:7:      grunt_livestock
D:8:      old_standard_altar, serial_shops, nicolae_shop_statue_plus,
          nrook_mini_vaults, uniq_psyche
D:9:      grunt_temple_overflow_lords_of_destruction,
          nicolae_overflow_quartered_altars, marbit_many_paths, st_stairs_1
D:10:     david_lair_shrubbed, uniq_fannar
D:11:     enter_bailey_8, uniq_harold
D:12:     david_orc_5, basic_altar
D:13:     grunt_vaults_entry_fortified, serial_shops, nicolae_shop_waterfront,
          portal_ice_cave_entry_pillars_1, grunt_decor_mini_mirrors
D:14:     nicolae_wwwww, serial_shops, nicolae_shop_window_shopping, shop,
          minmay_protected_statue
D:15:     hangedman_slaughterboxes
Orc:2:    grunt_orc_cross, serial_shops, shop_fountains, special_room,
          basic_altar
Bailey:   bailey_polearm_3, bailey

Skill      XL: |  1  2  3  4  5  6  7  8  9 10 11 12 |
---------------+-------------------------------------+-----
Fighting       | 1 5 8 11 12 | 12.9
Maces & Flails | 1 2 3 5 6 7 9 10 12 13 14 | 14.4
Shields        | 2 |  2.8
Dodging        | 3 5 6 7 |  7.0
Evocations     | 5 |  5.1
Stealth        | |  1.4
Spellcasting   | |  2.4
Summonings     | |  3.6

Action                   |  1- 3 |  4- 6 |  7- 9 | 10-12 | 13-15 || total
-------------------------+-------+-------+-------+-------+-------++-------
Melee: Whip              |   115 |    19 |       |       |       ||   134
       Unarmed           |    12 |       |       |       |       ||    12
       War axe           |    11 |       |       |       |       ||    11
       Mace              |       |   125 |    19 |       |       ||   144
       Kick              |       |    11 |    65 |   206 |    11 ||   293
       Short sword       |       |       |   116 |       |       ||   116
       Giant club        |       |       |   169 |   837 |    55 ||  1061
Throw: Tomahawk          |       |     1 |     5 |    13 |     4 ||    23
 Cast: Summon Small Mamm |    12 |     1 |       |       |       ||    13
       Call Imp          |    17 |    15 |       |       |       ||    32
       Call Canine Famil |       |     4 |       |       |       ||     4
Invok: Berserk           |       |       |    11 |    29 |     2 ||    42
       Trog's Hand       |       |       |       |     9 |     1 ||    10
 Abil: Evoke Flight      |     1 |       |       |       |       ||     1
       Blink             |       |       |       |     4 |       ||     4
Evoke: Wand              |       |       |     3 |    10 |       ||    13
  Use: Scroll            |     4 |     4 |     4 |    13 |       ||    25
       Potion            |     2 |     2 |     1 |       |       ||     5
 Stab: Sleeping          |     4 |     1 |     1 |     1 |       ||     7
       Invisible         |       |       |     1 |       |       ||     1
  Eat: Chunk             |     3 |     6 |    24 |    59 |     2 ||    94
       Royal jelly       |       |     1 |     4 |     2 |       ||     7
       Fruit             |       |     1 |       |     2 |       ||     3
       Bread ration      |       |       |     1 |     1 |       ||     2
Armor: Robe              |    58 |    29 |    77 |    63 |       ||   227
       Steam dragon scal |       |       |       |   179 |       ||   179
       Troll leather arm |       |       |       |    38 |     6 ||    44
Dodge: Dodged            |   111 |    72 |   132 |   403 |    19 ||   737
